Map: [ESL] Royal Blood

Players

Spirit - Winner!

  • Race: Terran Terran
  • Spawn Location: 7:00

AqueroN

  • Race: Terran Terran
  • Spawn Location: 1:00

Event: ESL SC2 Masters 2023 Summer (Regionals)

VOD

Have the link to the VOD?

Description

Time

  • Played on: May 11, 2023, 10:48 a.m.
  • Length: 8:44

All games in this series

Show
View Real Time Build Order
Export as new Build Order

Spirit Terran - Winner!

Build Orders:  

Get SALT Encoding   

  12  0:00  SCV  
  13  0:12  SCV  
  14  0:16  Supply Depot  
  14  0:24  SCV  
  15  0:38  Barracks, SCV  
  16  0:43  Refinery  
  16  0:50  SCV  
  16  0:52  Refinery  
  17  1:02  SCV  
  18  1:14  SCV  
  19  1:25  Reaper  
  20  1:26  Orbital Command  
  20  1:30  Supply Depot  
  20  1:41  Factory  
  20  1:52  SCV  
  21  1:57  Reaper  
  22  2:04  SCV  
  23  2:16  SCV  
  24  2:24  Command Center  
  24  2:27  Hellion  
  24  2:29  SCV  
  27  2:32  Reaper  
  28  2:38  Supply Depot  
  28  2:41  SCV  
  29  2:49  Hellion  
  31  2:56  Starport  
  31  3:00  SCV  
  31  3:05  Barracks Reactor  
  32  3:11  Factory Tech Lab  
  32  3:12  SCV  
  33  3:24  SCV  
  32  3:30  Cyclone  
  32  3:34  Starport Tech Lab  
  35  3:36  SCV  
  36  3:43  Marine  
  36  3:44  Marine  
  36  3:46  Refinery  
  38  3:48  SCV  
  39  3:58  Banshee  
  39  4:00  Orbital Command  
  39  4:01  Marine  
  42  4:03  Cyclone  
  42  4:05  SCV  
  42  4:09  Marine, Supply Depot  
  45  4:17  SCV  
  45  4:19  Marine  
  47  4:26  SCV  
  47  4:27  Marine  
  47  4:29  SCV  
  50  4:32  Supply Depot  
  50  4:37  Marine  
  50  4:38  SCV, Siege Tank  
  55  4:41  Raven, SCV  
  55  4:44  Marine  
  59  4:50  SCV  
  59  4:53  SCV  
  60  5:02  SCV  
  60  5:05  SCV, Command Center  
  62  5:08  Marine  
  62  5:09  Supply Depot  
  63  5:15  Raven, Siege Tank  
  63  5:16  SCV  
  63  5:17  Marine  
  70  5:31  SCV x2  
  70  5:39  Marine x2  
  70  5:40  Barracks, Refinery  
  70  5:41  Barracks  
  72  5:43  SCV x2  
  72  5:48  Engineering Bay  
  72  5:49  Engineering Bay  
  71  5:51  Siege Tank  
  71  5:55  SCV  
  75  5:57  SCV  
  76  6:06  Supply Depot  
  76  6:07  SCV, Supply Depot  
  76  6:10  Viking  
  79  6:12  Viking  
  79  6:15  Stimpack  
  79  6:17  Marine  
  82  6:22  SCV  
  82  6:23  SCV  
  84  6:29  Barracks Reactor x2  
  84  6:32  Siege Tank  
  87  6:35  SCV  
  87  6:38  Sensor Tower  
  88  6:41  Orbital Command  
  88  6:46  SCV  
  89  6:51  Viking  
  89  6:53  SCV  
  89  6:57  Marine, Viking  
  89  6:59  SCV  
  93  7:05  SCV  
  94  7:09  Siege Tank  
  94  7:11  SCV x2  
  94  7:14  Marine x4  
  103  7:15  Marine  
  103  7:17  SCV  
  103  7:21  Liberator, Supply Depot  
  108  7:23  Supply Depot  
  108  7:24  SCV  
  108  7:29  SCV  
  110  7:31  Marine  
  110  7:35  Marine  
  110  7:37  Marine x3  
  112  7:38  SCV x2  
  112  7:42  SCV  
  115  7:45  Liberator  
  115  7:49  Marine  
  119  7:53  Marine  
  119  7:54  Marine  
  119  7:55  Marine  
  122  7:58  Barracks  
  122  8:01  Barracks  
  122  8:02  Missile Turret  
  122  8:05  Marine, Missile Turret  
  122  8:07  Marine  
  122  8:09  Siege Tank  
  122  8:11  Marine, SCV x2  
  130  8:13  SCV  
  130  8:17  Refinery  
  131  8:25  Marine  
  131  8:26  Supply Depot  
  132  8:27  Supply Depot  
Show
View Real Time Build Order
Export as new Build Order

AqueroN Terran 

Build Orders:  

Get SALT Encoding   

  12  0:00  SCV  
  13  0:12  SCV  
  14  0:17  Supply Depot  
  14  0:24  SCV  
  15  0:38  SCV  
  15  0:40  Barracks  
  16  0:43  Refinery  
  16  0:50  SCV  
  17  0:58  Barracks  
  17  1:03  SCV  
  18  1:15  SCV  
  18  1:17  Refinery  
  19  1:27  Reaper  
  19  1:29  Orbital Command  
  20  1:37  Supply Depot  
  20  1:45  Reaper  
  21  1:55  SCV  
  21  1:59  Reaper  
  23  2:07  SCV  
  24  2:15  Supply Depot  
  24  2:17  Reaper  
  24  2:19  SCV  
  26  2:23  Factory  
  26  2:31  SCV, Reaper  
  28  2:43  SCV  
  29  2:49  Reaper  
  30  2:53  Command Center  
  30  2:56  SCV  
  31  3:06  Hellion  
  31  3:08  SCV  
  31  3:09  Reaper  
  35  3:17  Starport  
  35  3:24  SCV  
  35  3:26  Reaper  
  34  3:28  Hellion  
  36  3:36  Supply Depot  
  36  3:42  Barracks Reactor  
  36  3:43  SCV  
  37  4:00  Factory Tech Lab  
  36  4:04  SCV  
  36  4:05  Starport Tech Lab, Barracks Reactor  
  37  4:12  Refinery  
  37  4:16  SCV  
  38  4:18  Marine x2  
  38  4:20  Cyclone  
  38  4:23  Orbital Command  
  43  4:28  Raven, SCV  
  46  4:36  Marine x2  
  48  4:40  SCV  
  48  4:42  Marine x2  
  51  4:49  SCV  
  51  4:52  SCV  
  52  4:54  Marine x2  
  52  4:55  Siege Tank  
  52  4:59  Supply Depot  
  57  5:01  SCV, Supply Depot  
  57  5:05  Barracks  
  58  5:11  Starport Reactor  
  58  5:12  Marine x2  
  58  5:13  SCV x2  
  62  5:17  Stimpack  
  62  5:21  Marine  
  57  5:30  SCV x2  
  57  5:33  Marine x2  
  60  5:42  SCV  
  60  5:44  Siege Tank  
  60  5:47  SCV  
  63  5:52  Medivac  
  63  5:54  SCV  
  66  5:59  Medivac  
  66  6:01  SCV  
  66  6:03  Marine x2  
  71  6:05  Marine  
  71  6:06  SCV  
  71  6:12  Supply Depot  
  71  6:13  SCV  
  72  6:19  Siege Tank  
  72  6:22  Marine x2  
  78  6:30  Marine, Supply Depot  
  78  6:34  Marine x2  
  78  6:39  Marine  
  80  6:41  Marine  
  80  6:43  SCV x2  
  84  6:47  Marine  
  84  6:48  Supply Depot  
  84  6:49  Supply Depot  
  84  6:52  Marine x2  
  83  6:57  Liberator x2  
  83  7:00  SCV x2  
  91  7:11  Siege Tank  
  91  7:13  Marine x3  
  91  7:14  Marine  
  98  7:23  Marine  
  98  7:24  Combat Shield  
  99  7:32  Marine x4, Supply Depot  
  103  7:40  Marine  
  102  7:49  Marine  
  102  7:50  Marine x3  
  109  7:51  Siege Tank  
  109  7:59  Marine, Supply Depot  
  109  8:00  Supply Depot  
  110  8:07  Marine x2  
  110  8:10  Marine x2  
  110  8:11  Medivac  
  116  8:16  Marine  
  116  8:17  Supply Depot  
  117  8:25  Marine  
Tags
 
Add a new tag
Caveats
  • Supply blocks, unpowered buildings, or Contaminate may cause inaccurate times.
  • Supply counts are checked every 10 seconds.